 Dungeon Crawl Stone Soup version 0.17.1-2-g5865329 (webtiles) character file.

102 Grim the Shooter (level 4, -3/36 HPs)
             Began as a Centaur Hunter on Feb 17, 2016.
             Killed from afar by an orc wizard (8 damage)
             ... with a magic dart
             ... on level 3 of the Dungeon.
             The game lasted 00:04:06 (2345 turns).

Grim the Shooter (Centaur Hunter)                   Turns: 2345, Time: 00:04:06

Health: -3/36      AC:  4    Str: 15    XL:     4   Next: 50%
Magic:  4/4        EV:  9    Int: 10    God:
Gold:   141        SH:  0    Dex: 10    Spells: 0 memorised, 3 levels left

rFire  . . .     SeeInvis .     b - +2 short sword (speed)
rCold  . . .     Clarity  .     c - +0 leather armour
rNeg   . . .     SustAt   .     (no shield)
rPois  .         Gourm    .     (no helmet)
rElec  .         Spirit   .     (no cloak)
rCorr  .         Warding  .     (no gloves)
rMut   .         Stasis   .     (no barding)
MR     .....                    (no amulet)
Stlth  +.........               (no ring)
                                (no ring)

@: lethally poisoned (-3 -> -18), very quick, not resistant to hostile
enchantments, very unstealthy
A: hooves 3, deformed body, speed 2, tough skin 3
a: no special abilities


You were on level 3 of the Dungeon.
You were hungry.

You visited 1 branch of the dungeon, and saw 3 of its levels.

You collected 141 gold pieces.

Inventory:

Hand Weapons
 a - a +1 shortbow
 b - a +2 short sword of speed (weapon)
 w - a +0 short sword
Missiles
 d - an arrow
Armour
 c - a +0 leather armour (worn)
Jewellery
 g - a cursed amulet of warding {unknown}
 p - an uncursed ring of stealth {unknown}
Scrolls
 i - 2 scrolls of identify {unknown}
 j - 3 scrolls of blinking {unknown}
 l - a scroll of amnesia {unknown}
 m - a scroll of remove curse {unknown}
 n - a scroll of recharging {unknown}
 o - a scroll of enchant weapon {unknown}
 u - 2 scrolls of enchant armour {unknown}
Potions
 f - a potion of curing
 h - a potion of magic {unknown}
 k - a potion of mutation {unknown}
 q - a potion of agility {unknown}
 r - 2 potions of haste {unknown}
 t - a potion of resistance {unknown}
 v - a potion of might {unknown}
 x - a potion of brilliance {unknown}
Comestibles
 e - 3 bread rations
 s - a beef jerky


   Skills:
 - Level 2.0 Fighting
 * Level 7.2 Bows
 - Level 1.3 Dodging
 - Level 0.5 Stealth
 + Level 2.1 Unarmed Combat


You had 3 spell levels left.
You didn't know any spells.

Dungeon Overview and Level Annotations

Branches:
Dungeon (3/15)

Altars:


Innate Abilities, Weirdness & Mutations

You have hooves in place of feet.
Armour fits poorly on your strangely shaped body.
You cover ground very quickly.
You have extremely tough skin (AC +3).


Message History

You hit the orc.
The orc is almost dead.
The orc hits you with an enchanted whip.
* * * LOW HITPOINT WARNING * * *
You hit the orc.
You kill the orc!
Something hits you but does no damage.
You are poisoned.
You miss something.
* * * LOW HITPOINT WARNING * * *
You feel sick. Something hits you.
* * * LOW HITPOINT WARNING * * *
You are more poisoned.
You miss something.
* * * LOW HITPOINT WARNING * * *
You feel sick.
You hear some strange, mumbled words.
A magic dart appears from out of thin air!
The magic dart hits you!
You die...

#.#....#.........#
#.#....#.........#
..#..............#
###..#.###+#####.#
#..#.. #.# #.# #.#
#.# #@# #{# #o#
.o# ... ..## (.
...


You could see 2 orcs.

Vanquished Creatures
  6 adders
  An ooze (D:1)
  2 giant geckos
  An orc (D:3)
  3 bats
  10 goblins
  6 hobgoblins
  3 kobolds
  A quokka (D:2)
  2 ball pythons (D:3)
  2 giant newts (D:1)
  8 rats
45 creatures vanquished.

Notes
Turn   | Place    | Note
--------------------------------------------------------------
     0 | D:1      | Grim the Centaur Hunter began the quest for the Orb.
     0 | D:1      | Reached XP level 1. HP: 17/17 MP: 1/1
    67 | D:1      | Reached XP level 2. HP: 21/24 MP: 2/2
   280 | D:1      | Reached skill level 1 in Unarmed Combat
   572 | D:1      | Reached skill level 6 in Bows
   655 | D:2      | Reached XP level 3. HP: 16/29 MP: 3/3
  1901 | D:3      | Reached XP level 4. HP: 36/36 MP: 4/4
  1918 | D:3      | Reached skill level 7 in Bows
  2345 | D:3      | Killed from afar by an orc wizard

Action                   |  1- 3 |  4- 6 || total
-------------------------+-------+-------++-------
Melee: Short sword       |    30 |    17 ||    47
 Fire: Shortbow          |    76 |    33 ||   109
  Use: Potion            |     2 |       ||     2
  Eat: Chunk             |     1 |     1 ||     2
